 Dungeon Crawl Stone Soup version 0.30-a0-782-ge64f9170bb (webtiles) character file.

Game seed: 5938178580425594269

35 sanka the Shooter (level 3, -3/30 HPs)
             Began as a Demigod Hunter on Feb 23, 2023.
             Slain by a gnoll
             ... wielding a +1 heavy flail
              (20 damage)
             ... on level 1 of the Dungeon.
             The game lasted 00:00:52 (912 turns).

sanka the Shooter (Demigod Hunter)                   Turns: 912, Time: 00:00:52

Health: -3/30      AC:  3    Str: 12    XL:     3   Next: 4%
Magic:  5/5        EV: 12    Int: 11    God:
Gold:   82         SH:  0    Dex: 21    Spells: 2/2 levels left

rFire   . . .      SeeInvis .    a - +0 shortbow
rCold   . . .      Faith    .    (shield currently unavailable)
rNeg    . . .      Spirit   .    c - +0 leather armour
rPois   .          Reflect  .    (no helmet)
rElec   .          Harm     .    (no cloak)
rCorr   .          Rampage  .    (no gloves)
Will    .....                    (no boots)
Stlth   ++                       (no amulet)
HPRegen 0.25/turn                (no ring)
MPRegen 0.09/turn                (no ring)

@: no status effects
A: high MP 1, forlorn, divine attributes
a: no special abilities


You were on level 1 of the Dungeon.
You visited 1 branch of the dungeon, and saw 2 of its levels.

You collected 82 gold pieces.


Innate Abilities, Weirdness & Mutations

You have an increased reservoir of magic. (+10% MP)
You shall have no god before yourself.
Your divine heritage dramatically boosts your attributes as you level up.


   Skills:
 + Level 2.6 Fighting
 + Level 4.1 Ranged Weapons
 - Level 1.7 Dodging
 - Level 0.8 Stealth


You had 2 spell levels left.
You didn't know any spells.
Your spell library was empty.

Inventory:

Hand Weapons
 a - a +0 shortbow (weapon)
Armour
 c - a +0 leather armour (worn)
Scrolls
 b - a scroll of immolation {!r}
 d - a scroll of poison {unknown}
 e - 2 scrolls of identify {unknown}
 f - a scroll of teleportation {unknown}
 i - a scroll of fear {unknown}
Potions
 g - 5 potions of curing {unknown}
 h - 2 potions of invisibility {unknown}
 j - a potion of degeneration {unknown}
 k - a potion of heal wounds {unknown}
 l - a potion of mutation {unknown}
 m - a potion of ambrosia {unknown}

Dungeon Overview and Level Annotations

Branches:
Dungeon (2/15)

▒..▒ ▒............▒ ▒.▒ ▒..▒
▒..▒▒..▒.▒▒▒.▒ ▒.▒ ▒▒.▒
▒..▒▒.▒▒.▒▒▒.▒▒▒▒▒.▒
▒▒▒▒▒▒▒.▒▒▒..▒▒.▒▒..)........▒
▒.............▒.▒▒▒▒▒▒.▒▒▒▒▒▒▒
▒.▒▒▒▒▒.....▒...▒ ▒.▒ ▒.▒
▒.▒▒.▒▒▒..▒▒ ▒.▒▒▒ ▒.▒
▒.▒▒..▒....▒ ▒.).▒ ▒.▒
▒.▒▒.....pg▒ ▒.▒.▒ ▒.▒
▒.▒▒..▒▒...▒ ▒.▒.▒ ▒.▒
▒......▒▒▒▒▒▒▒▒▒.▒.▒ ▒.▒
▒▒▒▒....)........▒.▒ ▒.▒
▒..▒▒▒▒▒▒▒▒▒▒▒▒.▒
▒.▒▒▒▒▒▒▒▒..▒ ▒▒▒▒▒▒▒▒.▒
▒...........▒ ▒........▒
▒▒▒▒▒▒▒▒▒▒▒.▒ ▒.▒▒▒▒▒▒▒▒ ▒.▒
▒)▒


You could see a gnoll.


Message History

You feel agile.
Unknown command.
You start resting.
HP restored.
Items here: )) ††.
There is a stone staircase leading down here.
You climb downwards.
A hobgoblin comes into view.
There is a stone staircase leading up here.
Unknown command.
The adder hisses angrily.
The gnoll barely misses you.
You climb upwards.
There is a stone staircase leading down here.
Unknown command.
You shoot an arrow.
The arrow hits the gnoll but does no damage.
The gnoll closely misses you.
You shoot an arrow. The arrow barely misses the gnoll.
The gnoll hits you with a +1 heavy flail!
You shoot an arrow. The arrow hits the gnoll!
The gnoll is severely wounded.
The gnoll hits you with a +1 heavy flail.
You shoot an arrow. The arrow closely misses the gnoll.
The gnoll hits you with a +1 heavy flail!!
Ouch! That really hurt!
You die...

Action                     || total
---------------------------++-------
   Fire: Shortbow          ||    43
 Armour: Leather armour    ||     2
  Dodge: Dodged            ||    21

Levels and vault maps discovered:
D:1:      kb_arrival_jail, layout_loops_ring, ebering_ecumenical_altar_ruins,
          serial_forest, infiniplex_forest_diagonal,
          infiniplex_forest_clump_small, infiniplex_forest_zigzag_1,
          infiniplex_forest_end_3, minmay_tetromino_l2
D:2:      layout_rooms, basic_altar, st_stairs_12, minmay_three_crescents

Notes
Turn   | Place    | Note
-------+----------+-------------------------------------------
     0 | D:1      | sanka the Demigod Hunter began the quest for the Orb.
     0 | D:1      | Reached XP level 1. HP: 17/17 MP: 3/3
     2 | D:1      | Noticed an octopode
     2 | D:1      | Noticed a vampire
     4 | D:1      | Noticed a draconian
     4 | D:1      | Noticed a vine stalker
     6 | D:1      | Noticed a demonspawn
     8 | D:1      | Noticed a spriggan
     8 | D:1      | Noticed a felid
    10 | D:1      | Noticed a meteoran
    10 | D:1      | Noticed a human
    12 | D:1      | Noticed a merfolk
    14 | D:1      | Noticed a demigod
    14 | D:1      | Noticed an ogre
    16 | D:1      | Noticed a tengu
    16 | D:1      | Noticed an elf
    18 | D:1      | Noticed an armataur
    18 | D:1      | Noticed a ghoul
    20 | D:1      | Noticed a minotaur
    22 | D:1      | Noticed a gargoyle
    22 | D:1      | Noticed a naga
    24 | D:1      | Noticed a troll
    24 | D:1      | Noticed a draconian
    26 | D:1      | Noticed a demigod
    26 | D:1      | Noticed a troll
   199 | D:1      | Reached skill level 2 in Fighting
   249 | D:1      | Reached XP level 2. HP: 22/24 MP: 4/4
   780 | D:1      | Reached skill level 4 in Ranged Weapons
   784 | D:1      | HP: 2/25 [gnoll/+0 flail (6)]
   787 | D:1      | Reached XP level 3. HP: 2/30 MP: 5/5
   912 | D:1      | Slain by a gnoll

Vanquished Creatures
  2 gnolls (D:1)
  A ball python (D:1)
  A bat (D:1)
  A goblin (D:1)
  2 hobgoblins (D:1)
  2 quokkas (D:1)
  3 kobolds (D:1)
  3 rats (D:1)
15 creatures vanquished.
